 Dungeon Crawl Stone Soup version 0.29.1-2-gbd0b4ee654 (webtiles) character file.

Game seed: 10434788723869174770

4 hawla the Chiller (level 1, 0/14 HPs)
             Began as a Meteoran Ice Elementalist on Nov 30, 2022.
             Slain by a goblin
             ... wielding a +0 dagger
             ... led by Robin
              (1 damage)
             ... on level 4 of the Dungeon.
             The game lasted 00:00:55 (105 turns).

hawla the Chiller (Meteoran Ice Elementalist)        Turns: 105, Time: 00:00:57

Health: 0/14       AC:  2    Str:  9    XL:     1   Next: 85%
Magic:  5/5        EV: 12    Int: 16    God:
Gold:   16         SH:  0    Dex: 14    Spells: 4/5 levels left

rFire   . . .      SeeInvis .   (no weapon)
rCold   . . .      Faith    .   (no shield)
rNeg    . . .      Spirit   .   a - +0 robe
rPois   .          Reflect  .   (no helmet)
rElec   .          Harm     .   (no cloak)
rCorr   .          Rampage  .   (no gloves)
Will    .....                   (no boots)
Stlth   +.........              (no amulet)
HPRegen 0.04/turn               (no ring)
MPRegen 0.09/turn               (no ring)

@: glowing
A: sense surroundings 1, otherworldly, glowing, explore regen
a: no special abilities


You were on level 4 of the Dungeon.
You visited 1 branch of the dungeon, and saw 4 of its levels.

You collected 16 gold pieces.

Inventory:

Armour
 a - a +0 robe (worn)
Potions
 b - a potion of magic
 d - a potion of haste


   Skills:
 + Level 2.5 Dodging
 - Level 1.4 Stealth
 + Level 2.8 Spellcasting
 + Level 4.5 Ice Magic


You had 4 spell levels left.
You knew the following spells:

 Your Spells              Type           Power      Damage    Failure   Level
a - Freeze                Ice            64%        1d8       3%          1

Your spell library contained the following spells:

 Spells                   Type           Power      Damage    Failure   Level
 Frozen Ramparts          Ice            32%        1d5       9%          3
 Ozocubu's Armour         Ice            16%        N/A       9%          3
 Hailstorm                Conj/Ice       9%         3d4       58%         4


Dungeon Overview and Level Annotations

Branches:
Dungeon (4/15) Zot: 2294
 Temple: D:4-7

Altars:

Annotations:
D:4 Robin


Innate Abilities, Weirdness & Mutations

You passively map a small area around you.
You are easily found by Zot.
You glow in the dark.
You regain HP and MP as you explore.


Message History

2 frilled lizards come into view.
Found a stone staircase leading down.
The frilled lizard hisses angrily.
Casting: Freeze (safe; 3% risk of failure)
Confirm with . or Enter, or press ? or * to list all spells.
Aiming: Freeze (safe; 3% risk of failure)
Press: ? - help, Shift-Dir - straight line, f - frilled lizard
Aim: a frilled lizard You freeze the frilled lizard.
You kill the frilled lizard!
The frilled lizard closely misses you.
Casting: Freeze (safe; 3% risk of failure)
Confirm with . or Enter, or press ? or * to list all spells.
Aiming: Freeze (safe; 3% risk of failure)
Press: ? - help, Shift-Dir - straight line, f - frilled lizard
Aim: a frilled lizard You freeze the frilled lizard.
You kill the frilled lizard!
There is an escape hatch in the floor here.
You slide downwards.
The hatch slams shut behind you.
Magic restored.
The goblin shouts! x3; The hobgoblin shouts! x2; The goblin shouts!
The hobgoblin shouts!
You hear a shout!
The goblin shouts!
You hear a bark! x2
The goblin shouts!
Found a short copper wand.
Found a stone staircase leading up.
Robin, a goblin and a jackal come into view.
The goblin hits you with a +0 club.
Robin roars a battlecry!
The goblins go into a battle-frenzy!
The jackal moves out of view.
A jackal comes into view.
A jackal comes into view.
An ogre comes into view. It is wielding a +0 giant club.
The goblin closely misses you. The goblin hits you with a +0 club.
Found 9 gold pieces.
The jackal barks!
The goblin unwields a +0 club.
The goblin wields a +0 sling.
The goblin shoots a sling bullet.
The sling bullet hits you.
* * * LOW HITPOINT WARNING * * *
The goblin hits you with a +0 dagger.
You die...

, ,... .# #$#.#
.# #.#.##..# ,,
#.#..#..# *
#.#.#.g.#
#####..gg#g.###
* *
.......gg......
,
#####...g.#g#g#
,
.hh.h..@ggg....
* *
######.<#/#.#.#
#..#.....*
#..##..### ,
#... ...# ,
##.. ...# , ...
..O .... *


You could see Robin, 3 jackals, 3 hobgoblins and 8 goblins.

Vanquished Creatures
  A giant cockroach (D:1)
  A quokka (D:3)
  2 frilled lizards (D:3)
4 creatures vanquished.

Notes
Turn   | Place    | Note
-------+----------+-------------------------------------------
     0 | D:1      | hawla the Meteoran Ice Elementalist began the quest for the
                  | Orb.
     0 | D:1      | Reached XP level 1. HP: 14/14 MP: 5/5
   103 | D:4      | Noticed Robin
   104 | D:4      | Noticed an ogre
   105 | D:4      | Slain by a goblin

Illustrated notes

Levels and vault maps discovered:
D:1:      shiori_arrival_maze, layout_basic
D:2:      layout_basic, shapermc_ecumenical_altar_mp_ritualfount,
          nicolae_figureground_sparkle
D:3:      layout_basic, mainiacjoe_overflow_boulevard,
          nicolae_elevator_lobby_plus
D:4:      layout_loops_ring, serial_bayou_lagoon_a, dreamdust_mushroom_princess,
          uniq_robin, uniq_ijyb

Action                   || total
-------------------------++-------
 Cast: Freeze            ||     8
  Use: Scroll            ||     1
Armor: Robe              ||     2
Dodge: Dodged            ||     4
